Map: Fracture LE

Players

Neuro - Winner!

  • Race: Zerg Zerg
  • League: Grandmaster
  • Spawn Location: 5:00

Qolt

  • Race: Terran Terran
  • League: Master
  • Spawn Location: 11:00

VOD

Have the link to the VOD?

Description

Fun game vs Neuro whooped me :)

Time

  • Played on: Oct. 24, 2018, 1:08 a.m.
  • Length: 17:31
Show
View Real Time Build Order
Export as new Build Order

Neuro Zerg - Winner!

Build Orders: Pool First 

Get SALT Encoding   

  12  0:01  Drone  
  13  0:13  Overlord  
  13  0:18  Drone  
  14  0:31  Drone x2  
  14  0:35  Drone  
  17  0:45  Extractor  
  17  0:47  Drone  
  17  0:50  Spawning Pool  
  16  0:57  Drone  
  17  1:07  Drone  
  18  1:20  Hatchery  
  18  1:23  Drone  
  18  1:32  Drone  
  19  1:36  Queen  
  21  1:44  Drone  
  21  1:46  Metabolic Boost  
  22  1:52  Overlord  
  22  2:12  Zergling x4, Queen  
  26  2:25  Zergling x2  
  27  2:32  Queen  
  27  2:33  Drone  
  30  2:38  Drone  
  30  2:43  Zergling x2  
  32  2:45  Drone x3  
  32  2:50  Drone  
  36  3:05  Hatchery  
  34  3:06  Overlord  
  34  3:14  Overlord  
  34  3:16  Drone x2  
  36  3:23  Queen  
  36  3:35  Drone x5  
  36  3:39  Drone  
  41  3:44  Drone x3  
  44  3:51  Overlord  
  44  3:52  Drone  
  45  3:58  Overlord  
  45  4:02  Queen  
  47  4:03  Queen  
  47  4:07  Drone x2  
  51  4:15  Drone x2  
  51  4:16  Drone x2  
  55  4:17  Drone  
  55  4:20  Drone x3  
  55  4:24  Drone  
  60  4:28  Overlord  
  60  4:30  Overlord  
  60  4:38  Zergling x2  
  61  4:47  Zergling x16  
  61  4:49  Queen, Evolution Chamber  
  61  4:51  Evolution Chamber  
  69  4:56  Drone x5  
  74  5:07  Overlord x2  
  74  5:12  Zergling x10  
  79  5:16  Zerg Ground Armor Level 1, Zerg Melee Weapons Level 1  
  79  5:17  Drone x4  
  83  5:27  Drone x5  
  88  5:28  Extractor  
  88  5:34  Overlord  
  87  5:42  Overlord x2  
  87  5:45  Baneling Nest, Drone x3  
  87  5:47  Extractor, Hatchery  
  87  5:50  Spore Crawler  
  87  5:51  Drone x2  
  87  5:52  Spore Crawler  
  87  5:56  Drone  
  87  5:57  Drone x5  
  93  6:02  Extractor x2  
  91  6:07  Zergling x10  
  92  6:13  Zergling x4  
  92  6:17  Zergling x2, Queen  
  92  6:18  Queen  
  87  6:22  Zergling x8  
  87  6:37  Drone x4  
  87  6:38  Extractor  
  87  6:39  Lair  
  90  6:45  Baneling x3  
  90  6:46  Overlord x2  
  90  6:48  Zergling x6  
  90  6:49  Zergling x2  
  94  6:54  Drone x5  
  94  7:00  Zergling x4  
  101  7:03  Baneling x10  
  101  7:04  Baneling x2  
  101  7:05  Queen  
  101  7:06  Zergling x4  
  101  7:07  Queen  
  107  7:10  Zergling x8  
  111  7:21  Zergling x8  
  107  7:27  Zergling x6  
  110  7:31  Zergling x2  
  111  7:38  Centrifical Hooks  
  111  7:39  Zerg Ground Armor Level 2  
  111  7:41  Drone x2  
  111  7:43  Extractor  
  112  7:45  Overlord x3  
  112  7:46  Zerg Melee Weapons Level 2  
  112  7:51  Hatchery  
  111  7:52  Overlord x2  
  111  7:53  Pneumatized Carapace  
  111  7:57  Overseer  
  111  8:02  Overlord  
  111  8:03  Overlord x2  
  111  8:11  Zergling x16  
  119  8:15  Hydralisk Den  
  118  8:21  Drone x6  
  124  8:33  Drone x2  
  124  8:34  Drone  
  127  8:36  Zergling x18  
  127  8:40  Infestation Pit  
  135  8:54  Hydralisk, Grooved Spines  
  135  8:55  Hydralisk x3  
  143  8:57  Hydralisk  
  145  9:03  Hydralisk  
  145  9:04  Hydralisk x2  
  150  9:20  Spore Crawler  
  150  9:23  Hive  
  149  9:27  Hydralisk  
  149  9:28  Hydralisk x6  
  163  9:35  Hydralisk x3  
  163  9:36  Hydralisk  
  164  10:02  Baneling, Extractor x2  
  164  10:03  Baneling x13  
  164  10:05  Zergling x28  
  164  10:06  Muscular Augments, Zergling x10  
  181  10:07  Zergling x14  
  181  10:11  Baneling x7  
  186  10:22  Zergling x12  
  186  10:23  Zergling x8  
  174  10:33  Zergling x6  
  174  10:34  Zergling x16  
  171  10:40  Zerg Ground Armor Level 3  
  171  10:53  Hatchery  
  158  11:06  Adrenal Glands  
  158  11:07  Zerg Melee Weapons Level 3  
  158  11:12  Ultralisk Cavern  
  157  11:22  Overseer  
  155  11:32  Zergling x2  
  155  11:33  Zergling x48  
  155  11:37  Spire  
  171  12:03  Chitinous Plating  
  171  12:04  Ultralisk  
  171  12:05  Ultralisk x2  
  171  12:08  Drone x2  
  189  12:09  Drone x3  
  189  12:10  Baneling x2  
  189  12:32  Ultralisk  
  189  12:35  Pathogen Glands  
  195  12:43  Zergling x8  
  199  12:45  Baneling x9  
  199  12:46  Baneling x20  
  199  12:47  Baneling x2  
  199  12:48  Baneling  
  199  12:56  Greater Spire  
  199  13:15  Zergling x20  
  199  13:16  Zergling x2  
  157  13:38  Ultralisk x4  
  166  13:42  Zergling x10  
  166  13:43  Zergling x2  
  159  13:51  Ultralisk  
  143  14:09  Ultralisk x2  
  139  14:23  Zergling x10  
  139  14:24  Zergling x16  
  139  14:45  Corruptor x5  
  141  14:55  Corruptor x2  
  137  15:07  Hatchery  
  133  15:15  Corruptor  
  134  15:25  Corruptor x2  
  138  15:33  Infestor x2  
  142  15:44  Drone x7  
  142  15:48  Drone x2  
  151  15:51  Drone x2  
  153  16:20  Brood Lord x6  
  165  16:26  Brood Lord  
  165  16:32  Drone x2  
  169  16:40  Baneling x5  
  169  16:41  Baneling x6  
  169  16:44  Hatchery  
  168  16:47  Overseer  
  168  16:48  Overseer, Drone x3  
  171  16:54  Corruptor  
  171  16:55  Corruptor  
Show
View Real Time Build Order
Export as new Build Order

Qolt Terran 

Build Orders: Reaper Expand, Bio Tank 

Get SALT Encoding   

  12  0:00  SCV  
  13  0:12  SCV  
  14  0:17  Supply Depot  
  14  0:25  SCV  
  15  0:30  Refinery  
  15  0:38  SCV  
  16  0:44  Barracks  
  16  0:50  SCV  
  17  1:02  SCV  
  18  1:14  SCV  
  19  1:30  Orbital Command  
  19  1:31  Reaper  
  20  1:45  Command Center  
  20  1:54  Barracks  
  20  1:58  SCV  
  21  2:03  Barracks Reactor  
  21  2:09  Supply Depot  
  21  2:14  SCV  
  22  2:27  SCV  
  23  2:39  SCV  
  23  2:42  Barracks Tech Lab, Marine x2  
  26  2:47  Refinery  
  26  2:49  Factory  
  26  2:51  SCV  
  27  3:03  SCV  
  27  3:05  Marine x3  
  30  3:14  Stimpack  
  30  3:20  Orbital Command  
  30  3:23  Marine x3  
  32  3:37  SCV  
  32  3:41  Starport, Marine x2  
  33  3:43  Factory Reactor  
  33  3:47  SCV  
  36  3:49  SCV  
  36  3:51  Marine  
  38  3:59  SCV  
  38  4:00  Marine x2  
  38  4:01  SCV  
  42  4:11  SCV  
  42  4:12  Supply Depot  
  42  4:14  SCV  
  44  4:23  SCV  
  44  4:24  Marine  
  46  4:33  Supply Depot, Marine x2, Medivac x2  
  46  4:34  SCV  
  46  4:35  SCV  
  54  4:40  Factory Tech Lab  
  54  4:43  Supply Depot  
  54  4:54  Marine x3  
  54  4:55  SCV x2  
  59  5:06  Command Center  
  59  5:12  SCV x2  
  59  5:13  Siege Tank  
  63  5:17  Marine x3  
  63  5:20  Combat Shield  
  66  5:24  SCV x2  
  66  5:27  Supply Depot  
  68  5:36  SCV  
  68  5:39  SCV  
  68  5:40  Marine  
  70  5:43  Supply Depot  
  70  5:48  SCV, Marine x2, Medivac x2  
  77  5:51  SCV  
  78  5:59  Refinery x2  
  78  6:05  Siege Tank, SCV  
  78  6:07  Marine x3  
  83  6:25  Marine x3  
  86  6:27  Engineering Bay, Barracks  
  79  6:33  Engineering Bay  
  79  6:34  Orbital Command, SCV x2  
  79  6:37  Siege Tank  
  84  6:42  Marine x2  
  84  6:43  Marine  
  88  6:47  SCV x2  
  88  6:51  Supply Depot  
  88  6:52  Supply Depot  
  89  6:58  Medivac x2  
  89  6:59  Orbital Command  
  93  7:04  SCV x2  
  95  7:09  Supply Depot  
  95  7:12  Armory  
  93  7:21  Terran Infantry Weapons Level 1, Terran Infantry Armor Level 1  
  83  7:23  Marine x2  
  83  7:25  Barracks Reactor  
  83  7:29  SCV x3  
  88  7:30  Marine  
  89  7:41  Supply Depot, SCV x3, Marine x2  
  89  7:42  Siege Tank  
  97  7:48  Marine  
  98  7:53  SCV x2  
  98  7:54  Supply Depot  
  100  7:59  Marine x2  
  100  8:01  Concussive Shells  
  100  8:02  Barracks  
  100  8:03  Barracks  
  100  8:05  SCV x2  
  104  8:06  Supply Depot, Marine  
  105  8:15  Marine x2  
  105  8:16  Marine  
  105  8:17  Marine  
  112  8:20  Siege Tank, Medivac x2  
  112  8:23  Refinery  
  112  8:24  Refinery, SCV, Marine  
  112  8:26  Factory  
  112  8:27  SCV x2  
  120  8:37  Supply Depot, SCV  
  120  8:38  Supply Depot  
  120  8:39  SCV x2, Marine x4  
  127  8:41  Marine  
  127  8:48  Terran Vehicle Weapons Level 1  
  128  8:49  SCV  
  128  8:51  SCV x2  
  128  8:55  Barracks Tech Lab, Barracks Reactor  
  131  9:01  SCV  
  132  9:03  SCV, Marine x5  
  132  9:04  Siege Tank  
  139  9:13  Factory Tech Lab  
  139  9:17  Marine  
  139  9:18  Terran Infantry Armor Level 2, Terran Infantry Weapons Level 2  
  139  9:21  Marine x5  
  145  9:28  SCV x2  
  145  9:30  Command Center  
  147  9:34  Marine  
  147  9:36  Siege Tank, Missile Turret  
  147  9:38  Sensor Tower  
  151  9:39  Missile Turret  
  151  9:40  Missile Turret  
  151  9:41  Marine x6  
  151  9:42  Marine  
  158  9:52  Marine  
  146  9:59  Marine x3  
  139  10:04  SCV  
  139  10:05  SCV x2, Marine x4  
  144  10:10  Marine  
  145  10:16  Marine x2  
  145  10:17  Marine  
  148  10:23  Marine x4  
  127  10:30  Marine  
  127  10:31  Unknown  
  127  10:32  Unknown x2  
  127  10:34  Marine x3  
  106  10:38  Medivac  
  106  10:39  Medivac  
  106  10:40  Marine  
  106  10:41  Siege Tank x2, Marine x3  
  119  10:48  Marine  
  120  10:52  Marine x3  
  122  10:58  Marine x2  
  122  10:59  Marine x2  
  125  11:06  Marine  
  125  11:10  Marine x3  
  129  11:12  Barracks x2  
  129  11:13  Siege Tank x2  
  129  11:16  Marine x3  
  129  11:17  Marine  
  135  11:27  Marine  
  135  11:28  Marine x3  
  139  11:34  Marine x4  
  138  11:45  Siege Tank, Marine x2  
  138  11:46  Siege Tank, Unknown, Marine x2  
  143  11:52  Marine  
  143  11:53  Marine x3  
  145  12:01  Medivac x2  
  145  12:03  Terran Vehicle Weapons Level 2  
  146  12:08  Marine x2  
  146  12:14  Starport, Ghost Academy  
  148  12:18  Terran Infantry Weapons Level 3  
  148  12:20  Terran Infantry Armor Level 3  
  148  12:25  Planetary Fortress  
  148  12:27  Refinery  
  148  12:29  Refinery  
  148  12:30  Marauder, Marine x2  
  148  12:31  Medivac  
  148  12:36  Medivac  
  158  12:40  Barracks Tech Lab x2  
  156  12:52  Marine x2  
  156  12:53  Marauder x2  
  156  12:58  Thor  
  168  13:01  Medivac  
  170  13:08  Marauder  
  172  13:14  Marine  
  172  13:15  Marauder, Supply Depot, Marine x2, Medivac  
  172  13:16  Thor, Supply Depot  
  172  13:17  Supply Depot  
  144  13:21  Unknown x2  
  119  13:35  Marauder, Marine x2  
  119  13:36  Marine  
  119  13:37  Marauder x2  
  126  13:41  Siege Tank  
  126  13:47  Unknown  
  114  13:50  Marine  
  114  13:51  Marine x2  
  100  13:57  Marauder, Marine  
  100  13:58  Marauder, Marine x2  
  102  14:08  Marine x2  
  91  14:16  SCV x2  
  75  14:18  Marauder  
  75  14:19  Marauder  
  70  14:33  Orbital Command, Marine x3  
  73  14:39  Marauder  
  73  14:41  Marauder  
  73  14:45  Marine x3  
  66  14:51  Marine x3  
  62  15:01  Marauder  
  62  15:02  Marauder  
  62  15:06  Marine x3  
  69  15:09  Marine  
  70  15:14  Marine  
  70  15:15  Marine  
  72  15:21  Ghost  
  72  15:23  Marine, Ghost  
  72  15:24  Marine x2  
  72  15:25  Viking x2  
  72  15:26  Starport Tech Lab  
  83  15:33  Marine x2  
  83  15:34  Marine  
  82  15:37  SCV x2  
  84  15:44  Marine x2  
  86  15:50  Ghost  
  86  15:51  Thor, Ghost  
  96  16:05  Command Center  
  95  16:18  Ghost  
  95  16:19  Marine x6  
  95  16:20  Ghost  
  105  16:36  Marine  
  106  16:46  Command Center  
  106  16:47  Ghost  
  106  16:48  Ghost  
  106  16:53  Viking  
Tags
 
Add a new tag
Caveats
  • Supply blocks, unpowered buildings, or Contaminate may cause inaccurate times.
  • Supply counts are checked every 10 seconds.